 Dungeon Crawl Stone Soup version 0.29-a0-352-g0917bc69df (webtiles) character file.

Game seed: 12998023746007077188

133046 tbh1313 the Minotaur Blade (level 16, -5/149 HPs)
             Began as a Minotaur Berserker on Apr 22, 2022.
             Was a High Priest of Trog.
             Killed from afar by a merfolk aquamancer (11 damage)
             ... with a torrent of water
             ... on level 3 of the Shoals on Apr 23, 2022.
             The game lasted 01:14:25 (35529 turns).

tbh1313 the Minotaur Blade (Minotaur Berserker)    Turns: 35529, Time: 01:14:26

Health: -5/149     AC: 30    Str: 23    XL:     16   Next: 59%
Magic:  15/15      EV: 12    Int:  9    God:    Trog [*****.]
Gold:   2066       SH: 16    Dex: 10    Spells: 15/15 levels left

rFire   + . .      SeeInvis .   a - +7 Throatcutter {drain, coup de grace}
rCold   + + .      Faith    .   x - +5 buckler of Okawaru's Wrath {rPois rCorr Int-5 Stlth+}
rNeg    . . .      Spirit   .   B - +2 gold dragon scales
rPois   +          Reflect  +   G - +1 hat
rElec   .          Harm     .   Q - scarf {repulsion}
rCorr   +          Rampage  .   H - +1 pair of gloves
Will    ++...                   V - +0 pair of boots {Fly}
Stlth   ..........              u - amulet of reflection
HPRegen 0.34/turn               L - ring of Creativity {rCorr Int+6}
MPRegen 0.14/turn               E - ring of Xom's Bemusement {rC+ Will+ EV+4 Str-3}

@: lethally poisoned (-5 -> -7), flying, invisible, repel missiles
A: horns 2, retaliatory headbutt
a: Renounce Religion, Berserk, Trog's Hand, Brothers in Arms


You were on level 3 of the Shoals.
You worshipped Trog.
Trog was extremely pleased with you.
You visited 4 branches of the dungeon, and saw 26 of its levels.

You collected 3724 gold pieces.
You spent 1658 gold pieces at shops.

Inventory:

Hand Weapons
 a - the +7 Throatcutter (weapon) {drain, coup de grace}
   (You found it on level 7 of the Dungeon)

   A truly terrible weapon, it drains the life of any living foe it strikes.
   It may instantly kill foes which have little health.
 b - a +0 falchion of flaming
 f - the +10 hand crossbow "With Two Names" {flame, Str+2 Dex+2 SInv Stlth+}
   (You found it on level 2 of the Orcish Mines)

   Any ammunition fired from it burns those it strikes, dealing additional fire
   damage.
   Str:       It affects your strength (+2).
   Dex:       It affects your dexterity (+2).
   SInv:      It lets you see invisible.
   Stlth:     It makes you more stealthy.
 s - a +6 antimagic great sword
Missiles
 c - 2 throwing nets (quivered)
Armour
 x - the +5 buckler of Okawaru's Wrath (worn) {rPois rCorr Int-5 Stlth+}
   (You found it on level 5 of the Dungeon)

   Int:       It affects your intelligence (-5).
   rPois:     It protects you from poison.
   rCorr:     It protects you from acid and corrosion.
   Stlth:     It makes you more stealthy.
 B - +2 gold dragon scales (worn)
 G - a +1 hat (worn)
 H - a +1 pair of gloves (worn)
 Q - a scarf of repulsion (worn)
 V - a +0 pair of boots of flying (worn)
Jewellery
 d - the ring "Xingias" {rF- rC+++ Str-2 Dex+6}
   (You found it on level 2 of the Lair of Beasts)

   [ring of dexterity]

   Str:       It affects your strength (-2).
   Dex:       It affects your dexterity (+6).
   rF:        It makes you vulnerable to fire.
   rC:        It renders you almost immune to cold.
 u - an amulet of reflection (around neck)
 E - the ring of Xom's Bemusement (right hand) {rC+ Will+ EV+4 Str-3}
   (You took it off a deep elf zephyrmancer on level 13 of the Dungeon)

   [ring of evasion]

   EV:        It affects your evasion (+4).
   Str:       It affects your strength (-3).
   rC:        It protects you from cold.
   Will:      It increases your willpower.
 L - the ring of Creativity (left hand) {rCorr Int+6}
   (You found it on level 3 of the Lair of Beasts)

   [ring of resist corrosion]

   Int:       It affects your intelligence (+6).
   rCorr:     It protects you from acid and corrosion.
 O - a +6 ring of dexterity
 P - a +6 ring of intelligence
 Z - a ring of see invisible
Wands
 e - a wand of flame (17)
 h - a wand of iceblast (25)
 n - a wand of polymorph (11)
 w - a wand of mindburst (13)
 y - a wand of acid (9)
 S - a wand of paralysis (9)
Scrolls
 i - 3 scrolls of brand weapon
 j - 6 scrolls of teleportation
 k - 2 scrolls of blinking
 t - 3 scrolls of fog
 v - 3 scrolls of enchant weapon
 z - 3 scrolls of holy word
 A - 2 scrolls of fear
 C - 2 scrolls of summoning
 I - a scroll of silence
 N - 2 scrolls of magic mapping
 X - 6 scrolls of identify
Potions
 g - a potion of heal wounds
 l - a potion of berserk rage
 m - 3 potions of might
 D - 2 potions of resistance
 K - 2 potions of cancellation
 M - 3 potions of haste
 T - 3 potions of ambrosia
 Y - 5 potions of curing
Miscellaneous
 r - a condenser vane


   Skills:
 - Level 15.0 Fighting
 - Level 22.0 Long Blades
 - Level 20.0 Armour
 + Level 10.6 Dodging
 - Level 10.0 Shields


You had 15 spell levels left.
You didn't know any spells.
Your spell library contained the following spells:

 Spells                   Type           Power      Damage    Failure   Level
 Animate Skeleton         Necr           0%         N/A       100%        1
 Beastly Appendage        Tmut           0%         N/A       100%        1
 Pain                     Necr           0%         1d4       100%        1
 Wereblood                Tmut           0%         N/A       100%        2
 Confusing Touch          Hex            0%         N/A       100%        3
 Gell's Gravitas          Tloc           0%         N/A       100%        3
 Ignite Poison            Fire/Tmut/Pois 0%         N/A       100%        3
 Lesser Beckoning         Tloc           0%         N/A       100%        3
 Mephitic Cloud           Conj/Pois/Air  0%         N/A       100%        3
 Spider Form              Tmut/Pois      0%         N/A       100%        3
 Teleport Other           Tloc           0%         N/A       100%        3
 Tukima's Dance           Hex            0%         N/A       100%        3
 Vampiric Draining        Necr           0%         2d6       100%        3
 Anguish                  Hex/Necr       0%         N/A       100%        4
 Animate Armour           Summ/Erth      0%         N/A       100%        4
 Leda's Liquefaction      Hex/Erth       0%         N/A       100%        4
 Blade Hands              Tmut           0%         N/A       100%        5
 Freezing Cloud           Conj/Ice/Air   0%         6-21      100%        5
 Lee's Rapid Deconstruct  Erth           0%         3d5*      100%        5
 Yara's Violent Unravell  Hex/Tmut       0%         3d3       100%        5
 Iron Shot                Conj/Erth      0%         9d1       100%        6
 Statue Form              Tmut/Erth      0%         N/A       100%        6
 Enfeeble                 Hex            0%         N/A       100%        7
 Malign Gateway           Summ/Tloc      0%         N/A       100%        7
 Borgnjor's Revivificati  Necr           0%         N/A       100%        8
 Necromutation            Tmut/Necr      0%         N/A       100%        8
 Summon Horrible Things   Summ           0%         N/A       100%        8
 Death's Door             Necr           0%         N/A       100%        9
 Shatter                  Erth           0%         3d5*      100%        9


Dungeon Overview and Level Annotations

Branches:
Dungeon (15/15)            Temple (0/1) D:7            Lair (6/6) D:8
 Shoals (3/4) Lair:3        Snake (0/4) Lair:4        Slime (0/5) Lair:5
    Orc (2/2) D:11            Elf (0/3) Orc:2        Vaults (0/5) D:13
 Depths (0/4) D:15

Altars:
Dithmenos
Hepliaklqana
Makhleb
Okawaru
Wu Jian
Xom
Beogh
Jiyva

Shops:
D:5 ?   D:10 [   Orc:2 *:[(

Portals:
Hell: Lair:6
Abyss: D:14


Innate Abilities, Weirdness & Mutations

You have a pair of horns on your head.
You reflexively headbutt those who attack you in melee.


Message History

Items here: ))) [ ††.
As you read the scroll of teleportation, it crumbles to dust.
You feel strangely unstable.
You feel sick.
The merfolk hits you from afar with a +0 trident!
The merfolk siren closely misses you. You furiously retaliate!
You headbutt the merfolk siren.
The snapping turtle bites you but does no damage.
You block the merfolk's attack.
The merfolk javelineer throws a silver javelin.
The silver javelin barely misses you.
The silver javelin barely misses the merfolk siren.
You barely miss the merfolk siren.
The merfolk siren is almost dead.
You feel sick. You block the merfolk's attack. The snapping turtle misses you.
You furiously retaliate!
You headbutt the snapping turtle.
The merfolk siren chants its luring song.
You slash the merfolk siren!
You break out of your daze!
You kill the merfolk siren!
Trog accepts your kill.
Trog appreciates your killing of a magic user.
You hear a splash.
You feel sick.
The merfolk hits you from afar with a +0 trident.
The merfolk javelineer throws a silver javelin.
The silver javelin pierces through you!
* * * LOW HITPOINT WARNING * * *
x2 You block the merfolk's attack.
The snapping turtle bites you!!
* * * LOW HITPOINT WARNING * * *
You feel sick. You block the merfolk's attack. The snapping turtle misses you.
Things that are here:
a +0 spear; a merfolk corpse You fade into invisibility!
Your surroundings suddenly seem different.
A merfolk avatar, a merfolk aquamancer, a merfolk and 2 water elementals come into view.
You feel sick.
The merfolk avatar shouts!
The merfolk aquamancer shouts!
The merfolk shouts!
The merfolk aquamancer casts a spell at you.
The torrent of water hits you!
You die...

≈≈≈≈≈≈≈≈≈≈≈≈≈≈≈
≈≈≈≈≈≈≈≈≈≈≈≈≈≈≈
≈≈≈≈≈≈≈≈≈≈≈≈≈≈≈
≈≈≈≈≈≈≈≈≈≈≈≈≈≈≈
≈≈≈≈≈≈≈≈≈≈≈≈≈≈≈
≈≈≈≈≈≈≈≈≈≈≈≈≈≈≈
≈≈≈≈≈≈≈≈≈≈≈≈≈≈≈
≈≈≈≈≈≈≈@≈≈≈≈≈≈≈
≈≈≈≈≈≈≈≈≈≈≈≈≈≈≈
≈≈≈≈≈≈≈≈≈≈≈≈≈≈≈
≈≈≈≈≈≈≈≈≈≈m≈≈≈≈
≈≈≈≈≈EEm≈≈≈≈≈≈≈
≈≈≈≈≈≈≈m≈≈≈≈≈≈≈
≈P≈≈≈≈≈..≈≈≈≈≈≈
≈≈≈.###..≈≈≈≈≈≈


You could see a merfolk avatar (wandering, can't see you), a merfolk aquamancer,
a merfolk (wandering, can't see you) and 2 water elementals.

Levels and vault maps discovered:
D:1:      lightli_arrival_chessboard, layout_basic
D:2:      layout_basic
D:3:      layout_loops_corners, nicolae_dithmenos_the_darkroom, serial_undead,
          serial_undead_e, serial_undead_a, serial_undead_a, serial_undead_f,
          shapermc_ecumenical_altar_mp_highgroup, bh_walls_and_bars
D:4:      layout_basic, st_stairs_5, uniq_grinder
D:5:      layout_basic, serial_shops, kennysheep_little_box, uniq_edmund,
          uniq_prince_ribbit1
D:6:      layout_loops_corners, ebering_ghost_sewer_f, uniq_sigmund
D:7:      layout_basic, minmay_temple_entry_wispy,
          hangedman_abyss_or_decor_stabs, uniq_menkaure
D:8:      layout_loops_cross, okawaru_humans, pdpol_wu_jian_five_deadly_venoms,
          grunt_lair_entry_orc_guard_hut, enter_bailey_4,
          minmay_misc_feat_plants, grunt_ministairs_10,
          minmay_misc_feat_enclosed, uniq_maurice
D:9:      layout_gridville, uniq_psyche
D:10:     layout_cave_pools, nicolae_hepliaklqana_ecumenical_no_more,
          nicolae_shop_dragon_depot, roderic_roman_lattice
D:11:     layout_roguey, zombieorc1_lemuel, dk_noncrumbling_4
D:12:     layout_basic
D:13:     minmay_the_grid_triangle_9x9_recursive_2_mashed
          [minmay_the_grid_triangle_9x9_prize_special,
          minmay_the_grid_triangle_9x9_impossible_snake,
          minmay_the_grid_triangle_9x9_thin_v,
          minmay_the_grid_triangle_9x9_steps], layout_stronghold,
          david_vaults_2, serial_bayou_ford_a
D:14:     layout_loops_ring, gammafunk_ghost_abyssal_escape, serial_park_tiny_2,
          uniq_louise
D:15:     hangedman_depths_entry_try_elsewhere_first, layout_small_grid,
          minmay_misc_feat_more_columns, uniq_roxanne
Lair:1:   dreamdust_cave_troll, layout_regular_city, grunt_megastairs_4,
          uniq_gastronok
Lair:2:   layout_layer_cave, gammafunk_ghost_cemetery,
          lightli_volcano_entry_magma_tube, gauntlet_entry_generic,
          nicolae_lair_lil_pond, nicolae_lair_grazing_beasts
          [nicolae_sub_lair_graze_edge, nicolae_sub_lair_graze_edge,
          nicolae_sub_lair_graze_edge, nicolae_sub_lair_graze_edge],
          serial_bayou_shore_b
Lair:3:   layout_layer_cave, minmay_shoals_entry_beasts, beast_lair_carwin_1,
          grunt_megastairs_2, serial_bayou_shore_a
Lair:4:   hellmonk_ruined_rings, layout_cave_shapes,
          minmay_snake_entry_guardpost_medium, uniq_rupert, uniq_snorg
Lair:5:   layout_big_grid, slime_altar_1
Lair:6:   evil_forest, layout_hall_layers, serial_bayou, serial_bayou_lake_a,
          serial_bayou_pond_a, serial_bayou_pond_d, serial_bayou_pond_b,
          dreamdust_mushroom_princess
Shoals:1: layout_shoals, ebering_ghost_inner_flame
Shoals:2: layout_shoals, nicolae_shoals_aquamancer_cove
Shoals:3: layout_shoals
Orc:1:    layout_diamond_mine, gammafunk_ghost_cemetery, lemuel_statue_altar
Orc:2:    pubby_orc_utopia, serial_shops

Notes
Turn   | Place    | Note
-------+----------+-------------------------------------------
     0 | D:1      | tbh1313 the Minotaur Berserker began the quest for the Orb.
     0 | D:1      | Reached XP level 1. HP: 19/19 MP: 0/0
   182 | D:1      | Reached skill level 4 in Long Blades
   278 | D:1      | Reached XP level 2. HP: 26/26 MP: 1/1
   678 | D:1      | Reached skill level 5 in Long Blades
   867 | D:1      | Reached XP level 3. HP: 27/31 MP: 2/2
  1138 | D:2      | Reached ** piety under Trog
  1752 | D:2      | Reached skill level 6 in Long Blades
  1752 | D:2      | Reached XP level 4. HP: 29/39 MP: 3/3
  2192 | D:3      | Noticed a gnoll sergeant
  2199 | D:3      | Killed a gnoll sergeant
  2200 | D:3      | Reached skill level 7 in Long Blades
  2200 | D:3      | Reached XP level 5. HP: 5/45 MP: 4/4
  2459 | D:3      | Got Sif Muna's Reference Book on Displaced Earth
  2653 | D:3      | Found a faded altar of an unknown god.
  2786 | D:3      | Found a shadowy altar of Dithmenos.
  3205 | D:4      | Noticed Grinder
  3215 | D:4      | Killed Grinder
  3216 | D:4      | Reached skill level 9 in Long Blades
  3216 | D:4      | Reached XP level 6. HP: 51/51 MP: 5/5
  3298 | D:4      | Reached XP level 7. HP: 25/57 MP: 6/6
  3356 | D:4      | Reached skill level 10 in Long Blades
  4038 | D:4      | You fall into a shaft and drop 3 floors!
  4076 | D:7      | Reached skill level 11 in Long Blades
  4105 | D:7      | Reached XP level 8. HP: 16/64 MP: 7/7
  4440 | D:7      | Found a staircase to the Ecumenical Temple.
  4517 | D:7      | Reached skill level 12 in Long Blades
  4650 | D:7      | Noticed Menkaure
  4660 | D:7      | Killed Menkaure
  4701 | D:7      | Found the +7 Throatcutter {drain, coup de grace}
  4925 | D:7      | Reached skill level 13 in Long Blades
  5014 | D:5      | Entered Level 5 of the Dungeon
  5014 | D:5      | Noticed Edmund
  5022 | D:5      | Killed Edmund
  5385 | D:5      | Noticed Prince Ribbit
  5389 | D:5      | Killed Prince Ribbit
  5390 | D:5      | Reached skill level 14 in Long Blades
  5521 | D:5      | Reached XP level 9. HP: 70/70 MP: 8/8
  5558 | D:5      | Found Repnegru's Magic Scroll Boutique.
  5573 | D:5      | Bought a scroll of fog for 22 gold pieces
  5573 | D:5      | Bought a scroll of enchant weapon for 82 gold pieces
  5672 | D:5      | Reached skill level 5 in Armour
  6221 | D:5      | Identified the +5 buckler of Okawaru's Wrath {rPois rCorr
                  | Int-5 Stlth+}
  6497 | D:6      | Reached skill level 1 in Shields
  6515 | D:6      | Found a runed translucent door.
  7010 | D:6      | Noticed Sigmund
  7012 | D:6      | Killed Sigmund
  7099 | D:6      | Found a runed translucent door.
  7102 | D:6      | Noticed khangoldenlief's ghost (amateur KoAM)
  7106 | D:6      | Reached *** piety under Trog
  7108 | D:6      | Killed khangoldenlief's ghost
  7316 | D:7      | Reached skill level 5 in Fighting
  7552 | D:8      | Found an iron altar of Okawaru.
  7826 | D:8      | Noticed a komodo dragon
  7836 | D:8      | Killed a komodo dragon
  7837 | D:8      | Reached XP level 10. HP: 53/91 MP: 9/9
  7920 | D:8      | Found a staircase to the Lair.
  7998 | D:8      | Found an ornate altar of the Wu Jian Council.
  8209 | D:8      | Reached skill level 10 in Fighting
  8287 | D:8      | Noticed Maurice
  8298 | D:8      | Killed Maurice
  9005 | D:9      | Noticed Psyche
  9015 | D:9      | Killed Psyche
  9406 | D:10     | Entered Level 10 of the Dungeon
  9574 | D:10     | Reached skill level 10 in Armour
  9647 | D:10     | Reached **** piety under Trog
  9734 | D:10     | Found Haida's Dragon-Slaying Spoils.
 10067 | D:10     | Noticed a two-headed ogre
 10076 | D:10     | Killed a two-headed ogre
 10077 | D:10     | Reached XP level 11. HP: 99/99 MP: 10/10
 10182 | D:10     | Found a faded altar of an unknown god.
 10184 | D:10     | Found a hazy altar of Hepliaklqana.
 10184 | D:10     | Found a faded altar of an unknown god.
 10480 | D:11     | Found a staircase to the Orcish Mines.
 10777 | D:11     | Reached skill level 5 in Dodging
 11133 | D:11     | Noticed a red ugly thing
 11144 | D:11     | Killed a red ugly thing
 11502 | D:12     | Noticed a deep elf pyromancer
 11503 | D:12     | Noticed a boulder beetle
 11517 | D:12     | Killed a deep elf pyromancer
 11527 | D:12     | Killed a boulder beetle
 12309 | D:12     | Noticed a cyan ugly thing
 12316 | D:12     | Killed a cyan ugly thing
 12439 | D:12     | Noticed a deep elf pyromancer
 12442 | D:12     | Killed a deep elf pyromancer
 12443 | D:12     | Reached skill level 10 in Dodging
 12719 | D:13     | Noticed a two-headed ogre
 12728 | D:13     | Killed a two-headed ogre
 12873 | D:13     | Reached XP level 12. HP: 98/106 MP: 11/11
 12904 | D:13     | Noticed a tengu warrior
 12904 | D:13     | Noticed an ogre mage
 12910 | D:13     | Identified the ring "Sidaodd" {rF+ rC- Str+5 Int+6}
 12913 | D:13     | Killed an ogre mage
 12922 | D:13     | Noticed a centaur warrior
 12925 | D:13     | Reached skill level 15 in Long Blades
 12947 | D:13     | Killed a tengu warrior
 12948 | D:13     | Identified the ring "Wotwobruo" {Fire +Blink rN+ rCorr}
 12948 | D:13     | Noticed a centaur warrior
 12965 | D:13     | Killed a centaur warrior
 12969 | D:13     | Killed a centaur warrior
 12970 | D:13     | Reached skill level 16 in Long Blades
 13021 | D:13     | Identified the ring of Xom's Bemusement {rC+ Will+ EV+4
                  | Str-3}
 13066 | D:13     | Noticed a six-headed hydra
 13079 | D:13     | Killed a one-headed hydra
 13393 | D:13     | Identified the ring "Idepn" {Fire Will- rCorr Dex+6 Slay-5
                  | Stlth+}
 13393 | D:13     | Noticed a centaur warrior
 13407 | D:13     | Killed a centaur warrior
 13620 | D:13     | Reached ***** piety under Trog
 13703 | D:13     | Noticed a seven-headed hydra
 13720 | D:13     | Killed a one-headed hydra
 13721 | D:13     | Reached skill level 17 in Long Blades
 14249 | D:13     | Noticed a catoblepas
 14268 | D:13     | Killed a catoblepas
 14386 | D:13     | Noticed a yaktaur captain
 14393 | D:13     | Found a gate to the Vaults.
 14409 | D:13     | Killed a yaktaur captain
 14410 | D:13     | Reached skill level 18 in Long Blades
 14650 | D:13     | Noticed a tengu warrior
 14667 | D:13     | Killed a tengu warrior
 15047 | D:14     | Noticed a centaur warrior
 15054 | D:14     | Killed a centaur warrior
 15055 | D:14     | Reached XP level 13. HP: 113/113 MP: 12/12
 15199 | D:14     | Reached skill level 19 in Long Blades
 15297 | D:14     | Found a transporter.
 15302 | D:14     | Noticed Ydoexauxt's ghost (journeyman OpWr)
 15303 | D:14     | Noticed an orc warlord
 15307 | D:14     | Found a transporter.
 15309 | D:14     | Noticed a starcursed mass
 15320 | D:14     | Found a one-way gate to the infinite horrors of the Abyss.
 15560 | D:14     | Noticed a broodmother
 15561 | D:14     | Noticed a quicksilver ooze
 15561 | D:14     | a broodmother changed into a quicksilver ooze
 15587 | D:14     | Noticed Louise
 15611 | D:14     | Killed Louise
 15713 | Lair:1   | Entered Level 1 of the Lair of Beasts
 15998 | Lair:1   | Reached skill level 20 in Long Blades
 16094 | Lair:1   | Noticed Gastronok
 16107 | Lair:1   | Killed Gastronok
 16734 | Lair:2   | Upgraded the game from 0.29-a0-344-ge2f44be95a to
                  | 0.29-a0-350-g7790a0e70a
 16874 | Lair:2   | Found a runed translucent gate.
 16874 | Lair:2   | Found a runed translucent gate.
 16874 | Lair:2   | Found a runed translucent gate.
 16875 | Lair:2   | Noticed spaghetti's ghost (journeyman DDEE)
 16876 | Lair:2   | Noticed siradein's ghost (journeyman DDFi)
 16892 | Lair:2   | Identified the ring "Xingias" {rF- rC+++ Str-2 Dex+6}
 17373 | Lair:2   | Noticed a dire elephant
 17393 | Lair:2   | Killed a dire elephant
 18116 | D:15     | Entered Level 15 of the Dungeon
 18184 | D:15     | Noticed Roxanne
 18202 | D:15     | Received a gift from Trog
 18439 | D:15     | Reached skill level 15 in Armour
 18651 | D:15     | Found a staircase to the Depths.
 18746 | D:15     | Reached XP level 14. HP: 121/121 MP: 13/13
 19513 | D:15     | HP: 10/121 [Roxanne/iron shot (70)]
 19519 | D:15     | Killed Roxanne
 20966 | Lair:2   | Killed spaghetti's ghost
 20981 | Lair:2   | Killed siradein's ghost
 21189 | D:14     | HP: 7/121 [orc warlord/+2 great sword of distortion (24)]
 21785 | Lair:3   | Found a staircase to the Shoals.
 21794 | Lair:3   | Reached skill level 21 in Long Blades
 22510 | Lair:3   | Identified the ring of Creativity {rCorr Int+6}
 23387 | Lair:4   | Reached skill level 22 in Long Blades
 23634 | Lair:4   | Noticed Snorg
 23649 | Lair:4   | Killed Snorg
 24012 | Lair:4   | Found a staircase to the Snake Pit.
 24345 | Lair:4   | Noticed Rupert
 24358 | Lair:4   | Killed Rupert
 25103 | Lair:5   | Found a staircase to the Slime Pits.
 25104 | Lair:5   | Found a viscous altar of Jiyva.
 25684 | Lair:6   | Entered Level 6 of the Lair of Beasts
 25899 | Lair:6   | Reached XP level 15. HP: 102/135 MP: 14/14
 26713 | Lair:6   | Found a burning altar of Makhleb.
 27119 | Lair:6   | Found a gateway to Hell.
 27126 | Lair:6   | Identified the +2 fustibalus "Fata" {venom, rPois Will+
                  | Dex-3 SInv}
 27126 | Lair:6   | Identified the +2 ring mail "Earthly Heaven" {+Blink Dex+3}
 27400 | Lair:6   | Reached ****** piety under Trog
 27870 | Lair:6   | Upgraded the game from 0.29-a0-350-g7790a0e70a to
                  | 0.29-a0-352-g0917bc69df
 28085 | Orc:1    | Entered Level 1 of the Orcish Mines
 28501 | Orc:2    | Entered Level 2 of the Orcish Mines
 28508 | Orc:2    | Reached skill level 15 in Fighting
 28642 | Orc:2    | Received a gift from Trog
 28763 | Orc:1    | Found a runed translucent gate.
 28764 | Orc:1    | Found a runed translucent gate.
 28769 | Orc:1    | Found a runed translucent gate.
 28774 | Orc:1    | Noticed Oruetys's ghost (journeyman FoFi)
 28774 | Orc:1    | Noticed Vuyfoezo's ghost (journeyman FoFi)
 28808 | Orc:1    | Reached skill level 5 in Shields
 28811 | Orc:1    | Found a shimmering altar of Xom.
 29117 | Orc:1    | Killed Vuyfoezo's ghost
 29123 | Orc:1    | Killed Oruetys's ghost
 29321 | D:14     | Killed an orc warlord
 29333 | D:14     | HP: 11/141 [starcursed mass (9)]
 29337 | D:14     | HP: 4/141 [starcursed mass/accursed screaming (8)]
 29357 | D:14     | Killed Ydoexauxt's ghost
 30163 | Orc:2    | Found Vaalutay's Armour Boutique.
 30307 | D:10     | Bought +0 gold dragon scales for 1280 gold pieces
 30575 | Orc:2    | Reached skill level 10 in Shields
 30586 | Orc:2    | Received a gift from Trog
 30621 | Orc:2    | Paralysed by an orc sorcerer for 6 turns
 30640 | Orc:2    | Identified the +10 hand crossbow "With Two Names" {flame,
                  | Str+2 Dex+2 SInv Stlth+}
 30925 | Orc:2    | Found a staircase to the Elven Halls.
 31454 | Orc:2    | Noticed an orc warlord
 31474 | Orc:2    | Killed an orc warlord
 31514 | Orc:2    | Found Ceeneiw's Assorted Antiques.
 31641 | Orc:2    | Bought a scroll of identify for 50 gold pieces
 31688 | Orc:2    | Found Narghoext's Book Boutique.
 32472 | Orc:2    | Found Gosudduo's Weapon Shop.
 32944 | D:5      | Bought a scroll of fear for 38 gold pieces
 32944 | D:5      | Bought a scroll of teleportation for 33 gold pieces
 32944 | D:5      | Bought a scroll of teleportation for 33 gold pieces
 32944 | D:5      | Bought a scroll of holy word for 82 gold pieces
 32944 | D:5      | Bought a scroll of magic mapping for 38 gold pieces
 33137 | Shoals:1 | Entered Level 1 of the Shoals
 33253 | Shoals:1 | Found a runed translucent door.
 33280 | Shoals:1 | Noticed zishaf's ghost (adept OgIE)
 33304 | Shoals:1 | Killed zishaf's ghost
 33419 | Shoals:1 | Received a gift from Trog
 33420 | Shoals:1 | Reached XP level 16. HP: 146/149 MP: 15/15
 33443 | Shoals:1 | Identified a scroll of acquirement
 33561 | Shoals:1 | Acquired 1086 gold pieces
 34813 | Shoals:2 | Received a gift from Trog
 35096 | Shoals:2 | Reached skill level 20 in Armour
 35527 | Shoals:3 | HP: 7/149 [snapping turtle (19)]
 35529 | Shoals:3 | Killed from afar by a merfolk aquamancer

Table legend: (Time is in decaauts)
 A = Elapsed time spent in this place.
 B = Non-inter-level travel time spent in this place.
 C = Inter-level travel time spent in this place.
 D = Time resting spent in this place.
 E = Time spent auto-exploring this place.
 F = Levels seen in this place.
 G = Mean time per level.
                   A        B        C        D        E       F      G
               +--------+--------+--------+--------+--------+-----+--------+
         Total |  35018 |  31694 |   3324 |   8395 |  18180 |  26 | 1346.8 |
       Dungeon |  19542 |  17206 |   2336 |   4957 |   9638 |  15 | 1302.8 |
          Lair |   9545 |   8948 |    597 |   2285 |   5420 |   6 | 1590.8 |
        Shoals |   2203 |   2107 |     96 |    396 |   1206 |   3 |  734.3 |
  Orcish Mines |   3726 |   3432 |    294 |    755 |   1916 |   2 | 1863.0 |
               +--------+--------+--------+--------+--------+-----+--------+

Top non-repeatable levels by time:
   Orc:2: 2907 daAuts
    D:13: 2343 daAuts
  Lair:2: 2211 daAuts
  Lair:6: 2192 daAuts
    D:14: 1759 daAuts
    D:11: 1624 daAuts
  Lair:4: 1568 daAuts
  Lair:3: 1530 daAuts
    D:12: 1425 daAuts
    D:15: 1365 daAuts
     D:5: 1329 daAuts
     D:8: 1318 daAuts
Shoals:1: 1310 daAuts
     D:7: 1193 daAuts
     D:3: 1125 daAuts

Table legend:
 A = Kills in this place as a percentage of kills in entire the game.
 B = Kills by you in this place as a percentage of kills by you in the entire game.
 C = Kills by friends in this place as a percentage of kills by friends in the entire game.
 D = Other kills in this place as a percentage of other kills in the entire game.
 E = Experience gained in this place as a percentage of experience gained in the entire game.
 F = Experience gained in this place divided by the number of levels of this place that you have seen.
                   A       B       C       D       E      F
               +-------+-------+-------+-------+-------+----------------------
         Total | 100.0 | 100.0 | 100.0 | 100.0 | 100.0 | 7310.2
       Dungeon |  44.5 |  44.6 |  50.0 |   0.0 |  33.5 | 4250.5
          Lair |  24.9 |  25.0 |   0.0 |   0.0 |  31.2 | 9885.3
        Shoals |   9.7 |   9.5 |   0.0 | 100.0 |  21.3 | 13497.0
  Orcish Mines |  20.9 |  20.9 |  50.0 |   0.0 |  13.9 | 13252.5
               +-------+-------+-------+-------+-------+----------------------

Action                   |  1- 3 |  4- 6 |  7- 9 | 10-12 | 13-15 | 16-18 || total
-------------------------+-------+-------+-------+-------+-------+-------++-------
Melee: Falchion          |   126 |    96 |   151 |    22 |    48 |       ||   443
       Punch             |     2 |     1 |     2 |       |       |       ||     5
       Headbutt          |    15 |    15 |    41 |   120 |   391 |    75 ||   657
       Long sword        |       |       |   125 |   540 |  1560 |   285 ||  2510
Throw: Throwing net      |       |       |       |     1 |     2 |       ||     3
Invok: Trog's Hand       |       |     4 |     5 |     6 |    14 |       ||    29
       Berserk           |       |     3 |     3 |     3 |     8 |       ||    17
       Brothers in Arms  |       |       |       |       |     2 |       ||     2
Evoke: Wand              |       |       |       |       |     1 |       ||     1
  Use: Scroll            |     7 |     4 |     6 |     8 |    10 |     3 ||    38
       Potion            |       |     2 |     3 |     4 |     6 |     1 ||    16
 Stab: Sleeping          |     1 |       |       |       |       |       ||     1
Armor: Animal skin       |    14 |       |       |       |       |       ||    14
       Plate armour      |    27 |    50 |   101 |   223 |   487 |       ||   888
       Skin              |       |       |     5 |       |       |       ||     5
       Gold dragon scale |       |       |       |       |    92 |   164 ||   256
Dodge: Dodged            |    96 |    33 |    94 |   213 |   594 |   161 ||  1191
       Repelled          |       |       |       |     1 |     1 |     6 ||     8
Block: Buckler           |       |       |    18 |   228 |   982 |   271 ||  1499
       Reflection        |       |       |       |       |    12 |    29 ||    41

Vanquished Creatures
  Rupert (Lair:4)
  The ghost of zishaf the Warrior, an adept OgIE of Elyvilon (Shoals:1)
  Gastronok (Lair:1)
  Roxanne (D:15)
  Louise (D:14)
  2 orc warlords
  The ghost of siradein the Protected, a journeyman DDFi of Makhleb (Lair:2)
  A dire elephant (Lair:2)
  An ettin (shapeshifter) (D:14)
  Snorg (Lair:4)
  A yaktaur captain (D:13)
  The ghost of Vuyfoezo the Carver, a journeyman FoFi of Fedhas (Orc:1)
  A merfolk javelineer (Shoals:1)
  The ghost of spaghetti the Earth Mage, a journeyman DDEE of Makhleb (Lair:2)
  A hell beast (Lair:6)
  8 hydras
  A merfolk avatar (Shoals:1)
  3 boulder beetles
  8 two-headed ogres
  A catoblepas (D:13)
  2 ogre magi
  4 centaur warriors
  5 merfolk aquamancers
  4 orc high priests (Orc:2)
  2 tengu warriors (D:13)
  A hell hog (D:14)
  A wretched star (D:14)
  5 sea snakes
  A large abomination (D:14)
  A deep troll (Lair:1)
  5 orc knights
  5 wizards
  13 harpies
  A deep elf zephyrmancer (D:13)
  13 fauns
  3 deep elf pyromancers
  10 cyclopes
  4 orc sorcerers (Orc:2)
  11 ugly things
  A shining eye (shapeshifter) (D:15)
  A salamander (D:15)
  11 manticores
  17 elephants
  7 merfolk sirens
  Maurice (D:8)
  2 black mambas
  2 torpor snails
  An orange demon (Lair:6)
  5 cane toads
  A smoke demon (Lair:6)
  14 komodo dragons
  Psyche (D:9)
  An unseen horror (D:11)
  A freezing wraith (D:14)
  3 yaktaurs (D:13)
  3 rime drakes (Lair:6)
  An ice devil (Lair:6)
  8 trolls
  3 red devils (Lair:6)
  16 merfolk
  4 polar bears
  6 meliai
  A wind drake (Lair:3)
  Grinder (D:4)
  Prince Ribbit (D:5)
  A hornet (D:8)
  4 snapping turtles
  7 dream sheep
  14 blink frogs
  10 slime creatures
  The ghost of khangoldenlief the Bolt Thrower, an amateur KoAM (D:6)
  3 water elementals
  Sigmund (D:6)
  4 shadows
  A wraith (D:12)
  A vampire (D:14)
  7 wyverns
  2 basilisks
  59 yaks
  2 humans (D:8)
  6 vampire mosquitoes
  Menkaure (D:7)
  Edmund (D:5)
  5 wargs
  13 water moccasins
  An acid dragon (D:5)
  5 nagas (Lair:4)
  4 hell hounds (Lair:6)
  A sky beast (D:7)
  An ice beast (D:7)
  34 orc warriors
  4 black bears
  17 wolves
  15 ogres
  2 phantoms
  8 centaurs
  A kobold brigand (D:11)
  18 bullfrogs
  3 scorpions
  2 gnoll sergeants
  10 wights
  3 troll zombies (D:11)
  9 killer bees
  8 howler monkeys
  4 electric eels
  8 starcursed masses (D:14)
  A jelly (D:5)
  30 orc priests
  A hound (D:5)
  3 gnoll shamans
  15 orc wizards
  5 iguanas
  6 hell rats (Lair:4)
  3 ogre zombies (D:11)
  A hound zombie (D:3)
  24 gnolls
  7 adders
  A white imp (D:7)
  3 ufetubi
  2 adder skeletons (D:3)
  An adder zombie (D:3)
  3 worms
  3 dart slugs
  85 orcs
  6 bats
  7 endoplasms
  8 giant cockroaches
  5 goblins
  10 hobgoblins
  3 jackals (D:2)
  3 quokkas
  10 ball pythons
  A ball python skeleton (D:3)
  A ball python zombie (D:3)
  4 frilled lizards
  A goblin skeleton (D:11)
  2 goblin zombies (D:11)
  A hobgoblin skeleton (D:11)
  9 kobolds
  5 orc skeletons (D:11)
  10 orc zombies (D:11)
  A quokka zombie (D:3)
  5 rats
828 creatures vanquished.

Vanquished Creatures (collateral kills)
  The ghost of Oruetys the Basher, a journeyman FoFi of Okawaru (Orc:1)
  The ghost of Ydoexauxt the Slicer, a journeyman OpWr (D:14)
2 creatures vanquished.

Vanquished Creatures (others)
  A merfolk (Shoals:2)
  A water elemental (Shoals:3)
  A bush (Lair:2)
  27 fungi
  95 plants
  10 withered plants
135 creatures vanquished.

Grand Total: 965 creatures vanquished
